 Dungeon Crawl Stone Soup version 0.29-a0-82-g837932c90e (webtiles) character file.

Game seed: 17885006891967677800

2 testman the Ducker (level 1, -1/16 HPs)
             Began as a Demonspawn Wanderer on Feb 4, 2022.
             Slain by a kobold (3 damage)
             ... on level 1 of the Dungeon.
             The game lasted 00:00:44 (57 turns).

testman the Ducker (Demonspawn Wanderer)              Turns: 57, Time: 00:00:45

Health: -1/16      AC:  3    Str: 10    XL:     1   Next: 33%
Magic:  1/1        EV: 13    Int: 11    God:
Gold:   0          SH:  0    Dex: 16    Spells: 0/0 levels left

rFire   . . .      SeeInvis .   a - +0 dagger
rCold   . . .      Faith    .   (no shield)
rNeg    . . .      Spirit   .   g - +0 robe
rPois   .          Reflect  .   f - +0 helmet
rElec   .          Harm     .   (no cloak)
rCorr   .          Rampage  .   (no gloves)
Will    .....                   (no boots)
Stlth   ++........              (no amulet)
HPRegen 0.05/turn               (no ring)
MPRegen 0.07/turn               (no ring)

@: no status effects
A: no striking features
a: no special abilities


You were on level 1 of the Dungeon.
You visited 1 branch of the dungeon, and saw 1 of its levels.

Inventory:

Hand Weapons
 a - a +0 dagger (weapon)
 d - a +0 hand crossbow
Missiles
 b - an atropa-tipped dart (quivered)
 c - a datura-tipped dart
 e - 27 bolts
Armour
 f - a +0 helmet (worn)
 g - a +0 robe (worn)


   Skills:
 + Level 2.1 Fighting
 + Level 1.1 Crossbows
 - Level 1.0 Throwing
 - Level 2.6 Dodging
 - Level 1.7 Stealth
 - Level 1.0 Evocations


You couldn't memorise any spells.
You didn't know any spells.
Your spell library was empty.

Dungeon Overview and Level Annotations

Branches:
Dungeon (1/15)

Altars:


Message History

A bat comes into view.
A kobold comes into view. It is wielding a +0 whip.
You closely miss the kobold. The kobold hits you with a +0 dagger.
You hit the kobold but do no damage. The kobold misses you.
A rat comes into view.
The bat hits you but does no damage.
You closely miss the kobold. The kobold hits you but does no damage.
You miss the kobold. The bat misses you.
The kobold hits you but does no damage.
You hit the kobold.
The kobold is moderately wounded.
The bat hits you.
* * * LOW HITPOINT WARNING * * *
The bat hits you but does no damage. The kobold misses you.
You closely miss the kobold. The bat hits you but does no damage.
The kobold closely misses you.
You completely miss the kobold. The bat misses you.
The kobold barely misses you.
You completely miss the kobold.
The kobold is heavily wounded.
The kobold barely misses you. The kobold hits you but does no damage.
You barely miss the kobold.
The kobold is heavily wounded.
The bat misses you. The kobold barely misses you.
The kobold completely misses you.
You barely miss the kobold.
The kobold is heavily wounded.
The kobold misses you. The kobold hits you with a +0 dagger.
* * * LOW HITPOINT WARNING * * *
The bat closely misses you.
The endoplasm quivers.
You hit the kobold.
The kobold is severely wounded.
The bat barely misses you. The kobold closely misses you.
The kobold hits you but does no damage.
You closely miss the kobold.
The kobold is severely wounded.
The bat misses you. The bat closely misses you.
The kobold hits you with a +0 club.
You die...

#...#.#r....
#.......r....
#########†#.#.......#
#≈≈.P≈P.'.#.....K...
#≈≈≈.≈..#...#.#.#.#
#≈.≈≈P.P###........
#≈....P≈# #.#.#.#.#
#.#≈.P.≈# #.K#b...#
#.#≈≈≈≈.# #.#@#..#
#<#P≈.≈.+ #.K....#
######### #.#.##.#
...... # ####.##. ..
.. ### ##


You could see a bat and 2 kobolds.

Vanquished Creatures
  An endoplasm (D:1)
  A hobgoblin (D:1)
2 creatures vanquished.

Notes
Turn   | Place    | Note
-------+----------+-------------------------------------------
     0 | D:1      | testman the Demonspawn Wanderer began the quest for the
                  | Orb.
     0 | D:1      | testman set off with the following items: a +0 dagger, an
                  | atropa-tipped dart, a datura-tipped dart, a +0 hand
                  | crossbow, 27 bolts, a +0 helmet, a +0 robe
     0 | D:1      | Reached XP level 1. HP: 16/16 MP: 1/1
    57 | D:1      | Slain by a kobold

Illustrated notes

Levels and vault maps discovered:
D:1:      lightli_arrival_flooded_house, layout_basic, minmay_misc_feat_rugged,
          hangedman_decor_riveting

Action                   || total
-------------------------++-------
Melee: Dagger            ||    39
Armor: Robe              ||    12
Dodge: Dodged            ||    31

Table legend: (Time is in decaauts)
 A = Elapsed time spent in this place.
 B = Non-inter-level travel time spent in this place.
 C = Inter-level travel time spent in this place.
 D = Time resting spent in this place.
 E = Time spent auto-exploring this place.
 F = Levels seen in this place.
 G = Mean time per level.
                   A        B        C        D        E       F      G
               +--------+--------+--------+--------+--------+-----+--------+
         Total |     57 |     57 |      0 |      0 |     10 |   1 |   57.0 |
       Dungeon |     57 |     57 |      0 |      0 |     10 |   1 |   57.0 |
               +--------+--------+--------+--------+--------+-----+--------+

Top non-repeatable levels by time:
     D:1: 57 daAuts
